 Dungeon Sprint DCSS version 0.17-a0-1450-g7e755d1 (webtiles) character file.

6128 graymark the Peltast (level 10, -4/72 HPs)
             Began as a Gargoyle Fighter on June 30, 2015.
             Was the Champion of Trog.
             Slain by a merfolk impaler
             ... wielding a +2 trident of freezing
              (11 damage)
             ... in the Dungeon (Sprint V: "Ziggurat Sprint").
             The game lasted 00:12:57 (1144 turns).

graymark the Peltast (Gargoyle Fighter)             Turns: 1144, Time: 00:12:58

Health: -4/72      AC: 34    Str: 27    XL:     10   Next: 89%
Magic:  8/13       EV:  4    Int:  8    God:    Trog [******]
Gold:   0          SH: 33    Dex:  9    Spells: 0 memorised, 13 levels left

rFire  . . .     SeeInvis +     O - +7 Screaming Sword
rCold  . . .     Clarity  .     L - +5 crystal plate armour
rNeg   + + +     SustAt   .     N - +18 shield of the gong {rElec rN+ MR+ EV-5}
rPois  ∞         Gourm    .     (no helmet)
rElec  +         Spirit   .     (no cloak)
rCorr  .         Warding  +     (no gloves)
rMut   .         NoTele   +     (no boots)
MR     +....                    Q - amulet of Cekugob {Ward -Tele rElec rPois rN++ AC+1 EV+1}
Stlth  ..........               R - ring "Ytyfyachi" {+Inv EV+1 Str-3 SInv}
                                H - +6 ring of strength

@: exhausted, slowed, studying Axes, very slow, somewhat resistant to hostile
enchantments, extremely unstealthy
A: negative energy resistance 1, electricity resistance, unbreathing,
petrification resistance, rot immunity, AC +7
a: Burn Spellbooks, Berserk, Trog's Hand, Brothers in Arms, Renounce Religion,
Evoke Invisibility


You were in the Dungeon.
You worshipped Trog.
Trog was exalted by your worship.
You were hungry.

You visited 1 branch

Inventory:

Hand weapons
 a - a +0 long sword
 O - the +7 Screaming Sword (weapon)
   (You found it in the Dungeon)
Armour
 L - a +5 crystal plate armour (worn)
 N - the +18 shield of the gong (worn) {rElec rN+ MR+ EV-5}
   (You found it in the Dungeon)

   It affects your evasion (-5).
   It insulates you from electricity.
   It protects you from negative energy.
   It affects your resistance to hostile enchantments.
Rods
 V - a +4 rod of destruction (12/12)
   (You found it in the Dungeon)
Jewellery
 x - an uncursed ring of protection from fire
 D - a +6 ring of dexterity
 E - a +6 ring of dexterity
 F - a +6 ring of intelligence
 G - a +6 ring of intelligence
 H - a +6 ring of strength (left hand)
 I - a +6 ring of strength
 K - the amulet of Noon {rCorr -Tele MP+9 Int+6}
   (You found it in the Dungeon)

   [amulet of resist corrosion]

   It protects you from acid and corrosion.
   It affects your intelligence (+6).
   It affects your magic capacity (+9).
   It prevents most forms of teleportation.
 Q - the amulet of Cekugob (around neck) {Ward -Tele rElec rPois rN++ AC+1 EV+1}
   (You found it in the Dungeon)

   [amulet of warding]

   It may prevent the melee attacks of summoned creatures.
   It affects your AC (+1).
   It affects your evasion (+1).
   It insulates you from electricity.
   It protects you from poison.
   It greatly protects you from negative energy.
   It prevents most forms of teleportation.
 R - the ring "Ytyfyachi" (right hand) {+Inv EV+1 Str-3 SInv}
   (You found it in the Dungeon)

   [ring of evasion]

   It affects your evasion (+1).
   It affects your strength (-3).
   It lets you see invisible.
   It lets you turn invisible.
 X - an uncursed ring of magical power
Magical devices
 y - a wand of disintegration (7)
 A - a wand of fire (5)
 B - a wand of cold (5)
 C - a wand of draining (5)
Scrolls
 k - 4 scrolls of blinking
 n - 4 scrolls of amnesia
 o - 4 scrolls of recharging
 p - 7 scrolls of fog
 q - a scroll of holy word
 r - 5 scrolls of identify
 s - 5 scrolls of remove curse
 t - 2 scrolls of fear
 M - a scroll of brand weapon
Potions
 d - 6 potions of might
 f - 10 potions of curing
 g - 9 potions of heal wounds
 h - 8 potions of haste
 i - 7 potions of magic
 j - 3 potions of berserk rage
 u - 2 potions of brilliance
 v - 2 potions of invisibility
 w - 4 potions of resistance
 z - 7 potions of agility
Books
 Y - the Volume of Conjuration and the Arsonist
   (You found it in the Dungeon)

   Spells                             Type                      Level
   a - Sting                          Conjuration/Poison           1
   b - Throw Flame                    Conjuration/Fire             2
   c - Inner Flame                    Hexes/Fire                   3
   d - Delayed Fireball               Conjuration/Fire             7
   Trog disapproves of the use of such an item.
 Z - a manual of Axes
Miscellaneous
 b - a legendary deck of wonders
 c - a lamp of fire
 J - a crystal ball of energy
 P - a disc of storms
 T - a fan of gales
 U - a lamp of fire
 W - a stone of tremors
Comestibles
 e - 5 bread rations
 l - 41 fruits
 m - 4 meat rations
 S - 3 chunks of flesh


   Skills:
 + Level 12.3 Fighting
 + Level 10.2 Long Blades
 + Level 12.4 Armour
 * Level 4.0 Dodging
 + Level 2.9 Stealth
 + Level 16.7 Shields
 + Level 2.0 Spellcasting
 - Level 2.0 Evocations


You had 13 spell levels left.
You didn't know any spells.

Dungeon Overview and Level Annotations

Branches:
Dungeon (1/1)

Altars:
Ashenzari
Cheibriados
Dithmenos
Elyvilon
Fedhas
Gozag
Kikubaaqudgha
Makhleb
Nemelex Xobeh
Okawaru
Qazlal
Ru
Sif Muna
Trog
Vehumet
Xom
Yredelemnul
Zin
The Shining One
Beogh
Jiyva
Lugonu


Innate Abilities, Weirdness & Mutations

You are resistant to torment.
Your stone body is resilient (AC +7).
You are immune to poison.
You resist negative energy.
You are resistant to electric shocks.
You can survive without breathing.
You are immune to petrification.
You are immune to rotting.


Message History

Evoke which item? (* to show all) (? for menu, Esc to quit)
Little bolts of electricity crackle over the disc.
The Screaming Sword shouts, "THIS IS THE COLOUR OF PAIN!"
The monsters around you reel from the noise!
You kill the merfolk!
Trog accepts your kill.
Your Dodging skill increases to level 4!
The wind drake flaps its wings at you. The air twists around and strikes you!
The merfolk impaler hits you but does no damage.
You block the merfolk impaler's attack.
BOUMMMMG!
You block the merfolk impaler's attack.
GONNNNG!
The merfolk impaler hits you but does no damage.
The merfolk aquamancer gestures wildly while chanting.
The merfolk aquamancer blinks!
You block the merfolk impaler's attack.
BOUMMMMG!
The merfolk impaler hits you from afar with a trident of freezing!
You die...

▓..})|[≈≈.▓...=..=..▓.
▓..≈):|}≈.▓...[[.}..▓.
▓....≈≈.≈≈▓..)......▓.
▓≈.≈..≈...▓.........▓.
▓≈.≈≈≈≈...▓.........▓.
▓)..≈k≈..≈▓.....†...▓.
▓..▓mmm▓≈.▓...†)....▓)
▓.▓m≈§m.▓≈▓...†.†...▓.
▓≈.≈k@).≈≈▓.........▓▓
▓▓▓▓▓▓▓▓▓▓▓▓▓▓▓▓▓▓▓▓▓


You could see 4 merfolk impalers, a merfolk aquamancer and 2 wind drakes.

Vanquished Creatures
  A merfolk impaler (D)
  A merfolk aquamancer (D)
  A siren (D)
  An ancient zyme (D)
  A guardian mummy (D)
  A komodo dragon (D)
  A blink frog (D)
  4 merfolk (D)
  A polar bear (D)
  A yak (D)
  A basilisk (D)
  A hippogriff (D)
  A wolf (D)
  2 nagas (D)
  A porcupine (D)
  5 water moccasins (D)
  A centaur (D)
  3 phantoms (D)
  3 necrophages (D)
  A crocodile (D)
  3 giant frogs (D)
  2 wights (D)
  2 orc wizards (D)
  An iguana (D)
  An iron imp (D)
  4 sheep (D)
  2 mummies (D)
  A river rat (D)
  A shadow imp (D)
  7 adders (D)
  A white imp (D)
  2 adder zombies (D)
  An adder skeleton (D)
  3 orcs (D)
  A bat zombie (D)
  A ball python skeleton (D)
  A bat simulacrum (D)
  A giant cockroach zombie (D)
  A jackal skeleton (D)
68 creatures vanquished.

Notes
Turn   | Place    | Note
--------------------------------------------------------------
     0 | D        | graymark the Gargoyle Fighter began the quest for the Orb.
     0 | D        | Reached XP level 1. HP: 14/14 MP: 1/1
     0 | D        | Found an iron altar of Okawaru.
     0 | D        | Found a burning altar of Makhleb.
     0 | D        | Found a radiant altar of Vehumet.
     0 | D        | Found a deep blue altar of Sif Muna.
     0 | D        | Found a shimmering altar of Xom.
     3 | D        | Found a corrupted altar of Lugonu.
     3 | D        | Found a white marble altar of Elyvilon.
     3 | D        | Found a roughly hewn altar of Beogh.
     3 | D        | Found a sparkling altar of Nemelex Xobeh.
     3 | D        | Found a viscous altar of Jiyva.
     3 | D        | Found a bloodstained altar of Trog.
   100 | D        | Became a worshipper of Trog the Wrathful
   105 | D        | Reached skill level 4 in Fighting
   105 | D        | Reached skill level 1 in Dodging
   105 | D        | Reached XP level 2. HP: 18/20 MP: 1/5
   158 | D        | Entered arena 1.
   158 | D        | Noticed a polar bear
   161 | D        | Killed a polar bear
   161 | D        | Reached skill level 6 in Fighting
   161 | D        | Reached skill level 7 in Armour
   161 | D        | Reached XP level 3. HP: 20/28 MP: 6/6
   161 | D        | Reached XP level 4. HP: 22/32 MP: 7/7
   161 | D        | Reached XP level 5. HP: 25/37 MP: 8/8
   262 | D        | Identified Sif Muna's Collected Works on Supportive Enchantment
   266 | D        | Entered arena 2.
   266 | D        | Noticed a water moccasin
   266 | D        | Noticed a water moccasin
   273 | D        | Killed a water moccasin
   273 | D        | Reached skill level 8 in Armour
   273 | D        | Reached XP level 6. HP: 42/44 MP: 9/9
   276 | D        | Killed a water moccasin
   276 | D        | Acquired Trog's first power
   293 | D        | Acquired Trog's second power
   342 | D        | Entered arena 3.
   342 | D        | Noticed an ancient zyme
   342 | D        | Noticed an iron imp
   345 | D        | Killed an iron imp
   346 | D        | Reached skill level 9 in Armour
   352 | D        | Killed an ancient zyme
   352 | D        | Reached skill level 5 in Long Blades
   352 | D        | Reached XP level 7. HP: 32/51 MP: 10/10
   509 | D        | Got the ring "Ytyfyachi" {+Inv EV+1 Str-3 SInv}
   514 | D        | Identified the Incunabulum of Duck's Teeth
   520 | D        | Acquired Trog's third power
   523 | D        | Entered arena 4.
   523 | D        | Noticed a guardian mummy
   537 | D        | Killed a guardian mummy
   537 | D        | Reached skill level 10 in Armour
   537 | D        | Reached skill level 10 in Shields
   537 | D        | Reached XP level 8. HP: 44/57 MP: 11/11
   603 | D        | Entered arena 5.
   603 | D        | Noticed an orc wizard
   603 | D        | Noticed an orc wizard
   605 | D        | Killed an orc wizard
   605 | D        | Reached skill level 10 in Fighting
   607 | D        | Killed an orc wizard
   618 | D        | Identified the Incunabulum of Displacement
   626 | D        | Received a gift from Trog
   630 | D        | Entered arena 6.
   630 | D        | Noticed a centaur
   630 | D        | Noticed a merfolk
   630 | D        | Noticed a merfolk
   630 | D        | Noticed a merfolk
   637 | D        | Killed a merfolk
   637 | D        | Reached skill level 11 in Shields
   638 | D        | Killed a centaur
   644 | D        | Killed a merfolk
   646 | D        | Killed a merfolk
   646 | D        | Reached XP level 9. HP: 63/63 MP: 12/12
   747 | D        | Identified the Volume of Conjuration and the Arsonist
   754 | D        | Received a gift from Trog
   825 | D        | Entered arena 7.
   825 | D        | Noticed a necrophage
   825 | D        | Noticed a phantom
   832 | D        | Killed a necrophage
   838 | D        | Killed a phantom
   838 | D        | Reached skill level 12 in Shields
   860 | D        | Entered arena 8.
   860 | D        | Noticed a wolf
   860 | D        | Noticed a yak
   860 | D        | Noticed a giant frog
   860 | D        | Noticed a komodo dragon
   860 | D        | Noticed a giant frog
   871 | D        | Killed a komodo dragon
   872 | D        | Killed a giant frog
   872 | D        | Received a gift from Trog
   873 | D        | Killed a giant frog
   877 | D        | Killed a wolf
   877 | D        | Reached skill level 13 in Shields
   880 | D        | Killed a yak
   894 | D        | Got the cursed ring of Feoloxo {+Inv rElec rPois AC-2 Int-3}
   906 | D        | Entered arena 9.
   906 | D        | Noticed a phantom
   906 | D        | Noticed a wight
   906 | D        | Noticed a phantom
   906 | D        | Noticed a necrophage
   906 | D        | Noticed a wight
   906 | D        | Noticed a necrophage
   910 | D        | Killed a necrophage
   914 | D        | Killed a wight
   918 | D        | Killed a necrophage
   924 | D        | Killed a phantom
   927 | D        | Killed a phantom
   936 | D        | Killed a wight
   948 | D        | Got the ring of Alah {rPois rC- Int+2 Dex+5}
   953 | D        | Entered arena 10.
   953 | D        | Noticed a naga
   953 | D        | Noticed a water moccasin
   953 | D        | Noticed a naga
   974 | D        | Received a gift from Trog
   982 | D        | Killed a naga
   982 | D        | Reached skill level 14 in Shields
   989 | D        | Killed a water moccasin
   994 | D        | Killed a naga
   994 | D        | Reached XP level 10. HP: 65/71 MP: 13/13
  1046 | D        | Entered arena 11.
  1046 | D        | Noticed a hippogriff
  1046 | D        | Noticed a giant frog
  1046 | D        | Noticed an iguana
  1046 | D        | Noticed a water moccasin
  1047 | D        | Noticed a basilisk
  1047 | D        | Noticed a water moccasin
  1047 | D        | Noticed a porcupine
  1047 | D        | Noticed a crocodile
  1048 | D        | Noticed a blink frog
  1051 | D        | Killed a water moccasin
  1053 | D        | Killed a giant frog
  1053 | D        | Received a gift from Trog
  1055 | D        | Killed a crocodile
  1057 | D        | Killed a water moccasin
  1059 | D        | Killed an iguana
  1060 | D        | Killed a porcupine
  1060 | D        | Reached skill level 15 in Shields
  1061 | D        | Killed a hippogriff
  1061 | D        | Received a gift from Trog
  1065 | D        | Killed a basilisk
  1072 | D        | Killed a blink frog
  1100 | D        | Received a gift from Trog
  1110 | D        | Got the amulet of Noon {rCorr -Tele MP+9 Int+6}
  1118 | D        | Entered arena 12.
  1118 | D        | Noticed a wind drake
  1118 | D        | Noticed a merfolk aquamancer
  1118 | D        | Noticed a merfolk
  1118 | D        | Noticed a merfolk impaler
  1118 | D        | Noticed a siren
  1118 | D        | Noticed a merfolk impaler
  1119 | D        | Noticed a merfolk impaler
  1119 | D        | Noticed a merfolk aquamancer
  1119 | D        | Noticed a wind drake
  1119 | D        | Noticed a merfolk impaler
  1119 | D        | Noticed a merfolk impaler
  1129 | D        | Killed a siren
  1140 | D        | Killed a merfolk impaler
  1140 | D        | Reached skill level 10 in Long Blades
  1140 | D        | Reached skill level 16 in Shields
  1141 | D        | Killed a merfolk aquamancer
  1141 | D        | Received a gift from Trog
  1144 | D        | Killed a merfolk
  1144 | D        | Slain by a merfolk impaler

Vault maps used:
D:        sprint_v

Action                   |  1- 3 |  4- 6 |  7- 9 | 10-12 || total
-------------------------+-------+-------+-------+-------++-------
Melee: Double sword      |     3 |    20 |   119 |    42 ||   184
Invok: Burn Spellbooks   |       |     2 |     4 |     1 ||     7
       Berserk           |       |       |     2 |     1 ||     3
 Abil: Evoke Invisibilit |       |       |     1 |       ||     1
Evoke: Disc of storms    |       |       |       |     1 ||     1
  Use: Potion            |     1 |       |       |     1 ||     2
  Eat: Chunk             |       |       |     2 |     1 ||     3
       Fruit             |       |       |     1 |       ||     1
